 Dungeon Crawl Stone Soup version 0.19.4-9-g45fd643 (webtiles) character file.

147 Gargoyl the Skirmisher (level 5, 0/46 HPs)
             Began as a Ghoul Abyssal Knight on Feb 18, 2017.
             Was a Believer of Lugonu.
             Slain by Natasha (6 damage)
             ... on level 2 of the Dungeon.
             The game lasted 00:04:36 (1413 turns).

Gargoyl the Skirmisher (Ghoul Abyssal Knight)       Turns: 1413, Time: 00:04:37

Health: 0/46       AC:  4    Str: 16    XL:     5   Next: 29%
Magic:  6/6        EV:  6    Int: 11    God:    Lugonu [**....]
Gold:   223        SH: 12    Dex:  9    Spells: 0 memorised, 4 levels left

rFire  . . .     SeeInvis .     e - +1 war axe
rCold  + + .     Gourm    .     b - +0 leather armour
rNeg   + + +     Faith    .     g - +1 large shield
rPois  ∞         Spirit   .     (no helmet)
rElec  .         Reflect  .     (no cloak)
rCorr  +         Harm     .     d - +0 pair of gloves of Pitzo {rPois rC+ rCorr Int+4}
MR     .....                    (no boots)
Stlth  +.........               (no amulet)
                                (no ring)
                                (no ring)

@: rotting
A: rotting body, claws 1, carnivore 3, cold resistance 1, negative energy
resistance 3, slow regeneration 1, torment resistance, unbreathing
a: Depart the Abyss, Bend Space, Renounce Religion


You were on level 2 of the Dungeon.
You worshipped Lugonu.
Lugonu was pleased with you.
You were not hungry.

You visited 1 branch of the dungeon, and saw 2 of its levels.
You visited the Abyss 1 time.

You collected 223 gold pieces.

Inventory:

Hand Weapons
 a - a +1 hand axe
 e - a +1 war axe (weapon)
Missiles
 m - 8 exploding tomahawks (quivered)
Armour
 b - a +0 leather armour (worn)
 d - the +0 pair of gloves of Pitzo (worn) {rPois rC+ rCorr Int+4}
   (You acquired it on level 2 of the Abyss)

   It affects your intelligence (+4).
   It protects you from cold.
   It protects you from poison.
   It protects you from acid and corrosion.
 g - a +1 large shield (worn)
Wands
 h - a wand of iceblast (8/15)
Scrolls
 k - a scroll of enchant weapon
 n - a scroll of noise {unknown}
 o - a scroll of amnesia
 p - a scroll of magic mapping
Potions
 f - a potion of cancellation
 j - 2 potions of resistance
Comestibles
 c - 2 meat rations
 i - a beef jerky


   Skills:
 + Level 4.0 Fighting
 + Level 2.9 Axes
 * Level 2.4 Armour
 + Level 1.2 Dodging
 + Level 1.1 Shields
 * Level 3.1 Invocations


You had 4 spell levels left.
You didn't know any spells.

Dungeon Overview and Level Annotations

Branches:
Dungeon (2/15)

Altars:
Vehumet

Annotations:
D:2 Natasha


Innate Abilities, Weirdness & Mutations

Your body is rotting away.
You thrive on raw meat.
You are immune to poison.
You have sharp fingernails.
You are carnivorous and can eat meat at any time.
Your flesh is cold resistant. (rC+)
You are immune to negative energy. (rN+++)
You regenerate slowly when monsters are visible.
You are immune to unholy pain and torment.
You can survive without breathing.


Message History

* * * LOW HITPOINT WARNING * * *
Your shield prevents you from hitting Natasha.
Natasha is heavily wounded.
You hit the quokka. You block the quokka's attack.
Natasha mumbles some strange words.
You closely miss Natasha.
Natasha is heavily wounded.
Your shield prevents you from hitting the quokka.
You block the quokka's attack. You block Natasha's attack.
You block the quokka's attack.
Natasha casts a spell.
Unknown command.
Unknown command.
You barely miss Natasha.
Natasha is heavily wounded.
You hit the quokka.
You kill the quokka!
Lugonu accepts your kill. Natasha claws you.
You die...

##...##.........................
##.....##...###...............>##
#.......#.......###..............
...._........#### #............#.
#.......#....## #....##..##.##.
##.....####...# ###.....#.)##....
###...## #.#.###.......#..######
# ##.## #.#.5##..........###### #
#..# #.##..@†...............
###.#######...##h...#.#.#.....)..
...............5##...............
####..........(.............#....
#..........#.....####.##.#####
#.....................##..####
###########....##########.....
*,,,,#....# #...... *,........#
#...8..


You could see Natasha, a white imp and a shadow imp.

Vanquished Creatures
  Jessica (D:2)
  Natasha (twice) (D:2)
  An adder (D:2)
  An ooze (D:1)
  A worm (D:2)
  3 dart slugs
  2 leopard geckos (D:2)
  A ball python (D:2)
  3 bats
  3 giant cockroaches
  8 goblins
  4 hobgoblins
  2 jackals (D:1)
  6 kobolds
  2 quokkas (D:2)
  2 frilled lizards (D:2)
  5 rats
47 creatures vanquished.

Notes
Turn   | Place    | Note
-------+----------+-------------------------------------------
     0 | Abyss:1  | Gargoyl the Ghoul Abyssal Knight began the quest for the Orb.
     0 | Abyss:1  | Reached XP level 1. HP: 19/19 MP: 1/1
    64 | Abyss:2  | Identified a scroll of acquirement
    65 | Abyss:2  | Got a pair of slimy gloves
    71 | Abyss:2  | Identified the +0 pair of gloves of Pitzo {rPois rC+ rCorr Int+4} (You acquired it on level 2 of the Abyss)
    96 | Abyss:2  | Noticed an Executioner
    96 | D:1      | Escaped the Abyss
   280 | D:1      | Reached XP level 2. HP: 26/26 MP: 2/2
   424 | D:1      | Reached * piety under Lugonu
   424 | D:1      | Reached skill level 1 in Dodging
   496 | D:1      | Reached XP level 3. HP: 31/31 MP: 3/3
   771 | D:2      | Found a faded altar of an unknown god.
   856 | D:2      | Found a radiant altar of Vehumet.
   981 | D:2      | Noticed Jessica
   991 | D:2      | Killed Jessica
   991 | D:2      | Reached skill level 1 in Shields
   991 | D:2      | Reached XP level 4. HP: 23/40 MP: 4/4
  1118 | D:2      | Noticed Natasha
  1137 | D:2      | Killed Natasha
  1137 | D:2      | Reached skill level 4 in Fighting
  1247 | D:2      | Reached XP level 5. HP: 46/46 MP: 6/6
  1251 | D:2      | Noticed Natasha
  1262 | D:2      | Killed Natasha
  1362 | D:2      | Reached ** piety under Lugonu
  1398 | D:2      | Noticed Natasha
  1413 | D:2      | Slain by Natasha

Skill      XL: |  1  2  3  4 |
---------------+-------------+-----
Axes           | 2 |  2.9
Dodging        | 1 |  1.2
Armour         | 2 |  2.4
Shields        | 1 |  1.1
Fighting       | 4 |  4.0
Invocations    | 3 |  3.1

Action                   |  1- 3 |  4- 6 || total
-------------------------+-------+-------++-------
Melee: War axe           |   104 |    69 ||   173
Invok: Depart the Abyss  |     1 |       ||     1
  Use: Scroll            |    10 |       ||    10
       Potion            |     2 |       ||     2
  Eat: Chunk             |    11 |    17 ||    28
Armor: Leather armour    |    48 |    25 ||    73
Dodge: Dodged            |    34 |    23 ||    57
Block: Large shield      |    85 |    70 ||   155
